 Dungeon Crawl Stone Soup version 0.30-a0-950-gbf40cfac39 (webtiles) character file.

Game seed: 3978363602802745862

2780 Grim the Destroyer (level 9, -3/49 HPs)
             Began as a Deep Elf Conjurer on Mar 28, 2023.
             Was a Priest of Vehumet.
             Shot with an arrow by a centaur (5 damage)
             ... on level 7 of the Dungeon.
             The game lasted 00:27:46 (8926 turns).

Grim the Destroyer (Deep Elf Conjurer)              Turns: 8926, Time: 00:27:47

Health: -3/49      AC:  4    Str:  8    XL:     9   Next: 43%
Magic:  35/35      EV: 13    Int: 36    God:    Vehumet [***...]
Gold:   489        SH:  0    Dex: 13    Spells: 3/20 levels left

rFire   . . .      SeeInvis .    r - +9 short sword "Loyrghoim" {spect, Will+ Str+2 Int+4}
rCold   . . .      Faith    +    (no shield)
rNeg    . . .      Spirit   .    a - +0 robe
rPois   .          Reflect  .    (no helmet)
rElec   .          Rampage  .    s - +0 cloak
rCorr   .                        (no gloves)
Will    +....                    k - +0 pair of boots
Stlth   ++                       y
                                   - Hermit's Pendant {Faith Invo=14 Evo=0 MP+5}
HPRegen 0.28/turn                j - +6 ring of intelligence
MPRegen 0.24/turn                p - ring of magical power

@: invisible
A: no striking features
a: Renounce Religion


You were on level 7 of the Dungeon.
You worshipped Vehumet.
Vehumet was most pleased with you.
You visited 2 branches of the dungeon, and saw 8 of its levels.

You collected 489 gold pieces.

Inventory:

Hand Weapons
 r - the +9 short sword "Loyrghoim" (weapon) {spect, Will+ Str+2 Int+4}
   (You took it off an orc wizard on level 5 of the Dungeon)

   Str:       It affects your strength (+2).
   Int:       It affects your intelligence (+4).
   Will:      It increases your willpower.
 v - a +0 scimitar
Armour
 a - a +0 robe (worn)
 k - a +0 pair of boots (worn)
 s - a +0 cloak (worn)
Jewellery
 j - a +6 ring of intelligence (left hand)
 p - a ring of magical power (right hand)
 y - the Hermit's Pendant (around neck) {Faith Invo=14 Evo=0 MP+5}
   (You took it off an orc on level 4 of the Dungeon)

   [amulet of faith]

   Invo=14: It sets your Invocations skill to 14.
   Evo=0: It sets your Evocations skill to 0.
   It allows you to gain divine favour quickly.
   MP:        It affects your magic capacity (+5).
 B - a +6 ring of dexterity
 C - a ring of protection from cold
 F - a ring of fire
 G - an amulet of guardian spirit
Scrolls
 c - a scroll of brand weapon {unknown}
 f - a scroll of torment {unknown}
 h - 2 scrolls of fog {unknown}
 i - 4 scrolls of identify {unknown}
 n - 5 scrolls of teleportation {unknown}
 q - 2 scrolls of magic mapping {unknown}
 u - 2 scrolls of enchant weapon {unknown}
 w - 2 scrolls of noise {unknown}
 A - 2 scrolls of blinking {unknown}
 E - a scroll of immolation {unknown}
Potions
 b - 2 potions of magic
 d - a potion of ambrosia {unknown}
 e - 6 potions of curing
 g - a potion of brilliance {unknown}
 l - 2 potions of mutation {unknown}
 m - 3 potions of heal wounds {unknown}
 o - a potion of flight {unknown}
 t - 2 potions of might {unknown}
 x - 2 potions of haste {unknown}
 z - a potion of berserk rage {unknown}


   Skills:
 + Level 2.3 Fighting
 - Level 3.3 Dodging
 - Level 2.4 Stealth
 - Level 6.0 Spellcasting
 + Level 11.2 Conjurations
 - Level 5.0 Hexes
 - Level 5.0 Translocations
 + Level 2.1 Air Magic
 + Level 2.3 Poison Magic


You had 3 spell levels left.
You knew the following spells:

 Your Spells              Type           Power      Damage    Failure   Level
a - Magic Dart            Conj           100%       1d8       1%          1
b - Searing Ray           Conj           100%       2d8       1%          2
c - Dazzling Flash        Conj/Hex       100%       N/A       1%          3
d - Iskenderun's Mystic   Conj/Tloc      62%        2d13      1%          4
e - Fulminant Prism       Conj/Hex       31%        3d15      1%          4
f - Mephitic Cloud        Conj/Pois/Air  48%        N/A       1%          3

Your spell library contained the following spells:

 Spells                   Type           Power      Damage    Failure   Level


Dungeon Overview and Level Annotations

Branches:
Dungeon (7/15)             Temple (1/1) D:5

Altars:
Ashenzari
Cheibriados
Dithmenos
Elyvilon
Fedhas
Gozag
Hepliaklqana
Kikubaaqudgha
Makhleb
Nemelex Xobeh
Okawaru
Qazlal
Ru
Sif Muna
Trog
Uskayaw
Vehumet
Wu Jian
Xom
Yredelemnul
Zin
The Shining One


Message History

Aim: an orc, wielding a +0 short sword (lightly wounded, 100% to hit)
The magic dart hits the orc!
You kill the orc!
Vehumet accepts your kill.
You feel your power returning.
The centaur wields a +0 shortbow.
The centaur shoots an arrow.
The arrow barely misses you.
An orc wizard comes into view. It is wielding a +0 dagger.
Aiming: Magic Dart (safe; 1% risk of failure)
Press: ? - help, Q - select action, (/) - cycle Shift-Dir - straight line, f - orc
Aim: an orc, wielding a +0 hand axe (100% to hit)
The magic dart hits the orc.
The orc is almost dead.
Unknown command.
Aiming: Magic Dart (safe; 1% risk of failure)
Press: ? - help, Q - select action, (/) - cycle Shift-Dir - straight line, f/p - orc
Aim: an orc, wielding a +0 hand axe (almost dead, 100% to hit)
The magic dart hits the orc.
You kill the orc!
Vehumet accepts your kill.
You feel your power returning.
The centaur shoots an arrow.
The arrow hits you!
The centaur shoots an arrow.
The arrow closely misses you.
The centaur shoots an arrow.
The arrow misses you.
The centaur shoots an arrow.
The arrow hits you.
The centaur shoots an arrow.
The arrow hits you!
* * * LOW HITPOINT WARNING * * *
The orc wizard points at you and mumbles some strange words.
The magic dart hits you!
* * * LOW HITPOINT WARNING * * *
You fade into invisibility!
The centaur shoots an arrow.
The arrow hits you.
* * * LOW HITPOINT WARNING * * *
The centaur shoots an arrow.
The centaur shoots an arrow.
The arrow hits you!
* * * LOW HITPOINT WARNING * * *
The centaur shoots an arrow.
The arrow hits you.
* * * LOW HITPOINT WARNING * * *
The centaur shoots an arrow.
The arrow hits you.
You die...

.........# #....## #.### ..
#'#......# ##.#..# #...### .#
..#.....## #.##>######...# #.#
♣.##...## #..#........#.##..#
..#....# ##....#####......# .
..'.##.# ####........c...#).
..####.## #..o..c...#..)..
♣.####..###########..#####.....).
..#.[...........@...## ####....
#'#.###.......####### ..> #...#
#.....#### ### ##
#######..##....## #.. #
#.....###..#########.#
######.###.# ##...........# #
...#...# #.########..#...<# .#
<..#...###....### #.#####<##.#
...........##...###.#####....#


You could see a centaur (unable to see you).

Vanquished Creatures
  Pikel (D:5)
  A troll (D:5)
  Sigmund (D:5)
  Menkaure (D:4)
  A water moccasin (D:5)
  A sky beast (D:6)
  An orc warrior (D:7)
  3 lemures (D:5)
  A centaur (D:6)
  3 ogres
  A phantom (D:5)
  A bullfrog (D:7)
  2 scorpions (D:7)
  3 hounds
  A gnoll bouda (D:5)
  2 orc priests (D:4)
  A jelly (D:6)
  Natasha (thrice) (D:4)
  2 iguanas (D:5)
  5 orc wizards
  12 adders
  20 gnolls
  3 river rats (D:3)
  7 worms
  6 dart slugs
  25 orcs
  4 ball pythons
  6 bats
  8 endoplasms
  3 giant cockroaches
  11 goblins
  13 hobgoblins
  19 jackals
  8 kobolds
  3 quokkas (D:3)
  6 frilled lizards
  6 rats
195 creatures vanquished.

Vanquished Creatures (others)
  12 fulminant prisms
  A fungus (D:1)
  5 plants (D:1)
18 creatures vanquished.

Grand Total: 213 creatures vanquished

Notes
Turn   | Place    | Note
-------+----------+-------------------------------------------
     0 | D:1      | Grim the Deep Elf Conjurer began the quest for the Orb.
     0 | D:1      | Reached XP level 1. HP: 10/10 MP: 6/6
   253 | D:1      | Reached XP level 2. HP: 15/15 MP: 5/8
   397 | D:1      | Found a faded altar of an unknown god.
   743 | D:2      | Reached XP level 3. HP: 19/19 MP: 7/10
   796 | D:2      | Reached skill level 5 in Conjurations
  1236 | D:2      | Learned a level 2 spell: Searing Ray
  1357 | D:2      | Reached XP level 4. HP: 24/24 MP: 7/12
  1526 | D:2      | Learned a level 3 spell: Dazzling Flash
  1531 | D:2      | Learned a level 4 spell: Iskenderun's Mystic Blast
  1760 | D:2      | Reached skill level 5 in Spellcasting
  1887 | D:2      | Found an iron altar of Okawaru.
  2614 | D:3      | Reached XP level 5. HP: 23/28 MP: 14/14
  2700 | D:3      | Reached skill level 1 in Hexes
  2751 | D:3      | Reached skill level 1 in Translocations
  2819 | D:3      | Found a glowing drain.
  2819 | D:3      | You fall into a shaft and drop 2 floors!
  2819 | D:5      | Entered Level 5 of the Dungeon
  2823 | D:5      | Noticed a water moccasin
  2832 | D:5      | Found a white marble altar of Elyvilon.
  2866 | D:5      | Noticed a lemure
  2894 | D:5      | Killed a lemure
  3074 | D:5      | Reached skill level 6 in Conjurations
  3201 | D:5      | Noticed Sigmund
  3211 | D:5      | Learned a level 4 spell: Fulminant Prism
  3236 | D:5      | Killed Sigmund
  3237 | D:5      | Reached XP level 6. HP: 11/32 MP: 17/17
  3918 | D:5      | Found a staircase to the Ecumenical Temple.
  3923 | D:5      | Reached XP level 7. HP: 36/36 MP: 18/18
  3928 | Temple   | Entered the Ecumenical Temple
  4236 | Temple   | Became a worshipper of Vehumet
  4592 | D:5      | Noticed a troll
  4598 | D:5      | Killed a troll
  4599 | D:5      | Reached skill level 7 in Conjurations
  4599 | D:5      | Reached skill level 5 in Hexes
  5160 | D:5      | Identified the +9 short sword "Loyrghoim" {spect, Will+
                  | Str+2 Int+4}
  5169 | D:5      | Reached XP level 8. HP: 41/41 MP: 18/19
  5172 | D:5      | Noticed Pikel
  5190 | D:5      | Killed Pikel
  5191 | D:5      | Reached skill level 9 in Conjurations
  5191 | D:5      | Reached skill level 5 in Translocations
  5358 | D:5      | Reached * piety under Vehumet
  5358 | D:5      | Offered knowledge of Foxfire by Vehumet.
  5439 | D:5      | Found a glowing silver altar of Zin.
  5703 | D:4      | Noticed Menkaure
  5711 | D:4      | Killed Menkaure
  5712 | D:4      | Reached skill level 10 in Conjurations
  6484 | D:4      | Reached ** piety under Vehumet
  6484 | D:4      | Offered knowledge of Momentum Strike by Vehumet.
  6665 | D:4      | Noticed Natasha
  6671 | D:4      | Killed Natasha
  6746 | D:4      | Noticed Natasha
  6749 | D:4      | Killed Natasha
  6750 | D:4      | Reached XP level 9. HP: 46/46 MP: 21/21
  6955 | D:4      | Reached skill level 1 in Fighting
  7108 | D:4      | Found a burning altar of Makhleb.
  7190 | D:4      | Noticed Natasha
  7195 | D:4      | Killed Natasha
  7503 | D:3      | Offered knowledge of Mephitic Cloud by Vehumet.
  8014 | D:6      | Learned a level 3 spell: Mephitic Cloud
  8215 | D:6      | Reached skill level 11 in Conjurations
  8215 | D:6      | Reached skill level 1 in Air Magic
  8215 | D:6      | Reached skill level 1 in Poison Magic
  8533 | D:7      | Found a bloodstained altar of Trog.
  8537 | D:7      | Reached *** piety under Vehumet
  8682 | D:7      | Found a snail-covered altar of Cheibriados.
  8926 | D:7      | HP: 2/49 [centaur/arrow (6)]
  8926 | D:7      | Shot with an arrow by a centaur

Illustrated notes

Levels and vault maps discovered:
D:1:      minmay_arrival_wavy_path, layout_basic,
          shapermc_ecumenical_altar_mp_ritualfount, minmay_crystal_room
D:2:      minmay_diamond_boxcup, layout_basic, basic_altar, minmay_cupped
D:3:      layout_rooms, lightli_sewer_entry_pipes, minmay_quantized
D:4:      layout_rooms, marbit_many_paths, minmay_mini_jars, uniq_natasha,
          uniq_menkaure
D:5:      layout_basic, lemuel_tele_altar, mainiacjoe_overflow_cross_hatched,
          minmay_temple_entry_waves, chequers_serial_rivers_micro_d, uniq_pikel,
          uniq_sigmund
D:6:      layout_rooms
D:7:      layout_rooms, mainiacjoe_overflow_six_doors_small, trog_antimagical
Temple:   minmay_temple_bridge_d

Skill      XL: |  1  2  3  4  5  6  7  8  9 |
---------------+----------------------------+-----
Spellcasting   | 4 5 6 |  6.0
Conjurations   | 5 6 7 10 11 | 11.2
Hexes          | 2 3 5 |  5.0
Translocations | 2 3 4 5 |  5.0
Fighting       | 2 |  2.3
Dodging        | 3 |  3.3
Air Magic      | 2 |  2.1
Poison Magic   | 2 |  2.3
Stealth        | |  2.4

Action                     |  1- 3 |  4- 6 |  7- 9 || total
---------------------------+-------+-------+-------++-------
  Melee: Short sword       |    11 |       |    31 ||    42
         War axe           |       |     5 |       ||     5
         Punch             |       |       |     2 ||     2
   Cast: Magic Dart        |    86 |    56 |   147 ||   289
         Searing Ray       |     1 |    22 |    34 ||    57
         Fulminant Prism   |       |     1 |    11 ||    12
         Iskenderun's Myst |       |       |     4 ||     4
         Dazzling Flash    |       |       |     3 ||     3
    Use: Potion            |       |       |     3 ||     3
   Stab: Sleeping          |     1 |       |     1 ||     2
 Armour: Robe              |     7 |    10 |    14 ||    31
  Dodge: Dodged            |    17 |    12 |    56 ||    85

Table legend: (Time is in decaauts)
 A = Elapsed time spent in this place.
 B = Non-inter-level travel time spent in this place.
 C = Inter-level travel time spent in this place.
 D = Time resting spent in this place.
 E = Time spent auto-exploring this place.
 F = Levels seen in this place.
 G = Mean time per level.
                   A        B        C        D        E       F      G
               +--------+--------+--------+--------+--------+-----+--------+
         Total |   8976 |   8472 |    504 |   2902 |   4258 |   8 | 1122.0 |
       Dungeon |   8599 |   8233 |    366 |   2902 |   4031 |   7 | 1228.4 |
        Temple |    376 |    238 |    138 |      0 |    227 |   1 |  376.0 |
               +--------+--------+--------+--------+--------+-----+--------+

Top non-repeatable levels by time:
     D:5: 2987 daAuts
     D:2: 1599 daAuts
     D:4: 1115 daAuts
     D:3: 898 daAuts
     D:6: 806 daAuts
     D:1: 739 daAuts
     D:7: 452 daAuts
  Temple: 376 daAuts
